 Dungeon Crawl Stone Soup version 0.20.1-1-g8b1a95d (webtiles) character file.

6462 tidbits the Martial Artist (level 10, 0/81 HPs)
             Began as a Demigod Transmuter on Aug 24, 2017.
             Slain by a wolf (12 damage)
             ... on level 1 of the Lair of Beasts.
             The game lasted 00:50:27 (4498 turns).

tidbits the Martial Artist (Demigod Transmuter)     Turns: 4498, Time: 00:50:27

Health: 0/81       AC:  5    Str: 13    XL:     10   Next: 41%
Magic:  4/18       EV: 15    Int: 23    God:
Gold:   393        SH:  0    Dex: 16    Spells: 2/16 levels left

rFire    . . .     SeeInvis .     - Unarmed
rCold    . . .     Gourm    .   (no shield)
rNeg     . . .     Faith    .   B - +1 robe
rPois    .         Spirit   .   (no helmet)
rElec    .         Reflect  .   (no cloak)
rCorr    .         Harm     .   G - +0 pair of gloves
MR       ++...                  F - +0 pair of boots
Stlth    ++........             R - amulet of regeneration
Regen    0.7/turn               H - ring of protection from magic
MPRegen  0.2/turn               I - ring of stealth

@: very slightly contaminated, invisible
A: high mp 1
a: no special abilities


You were on level 1 of the Lair of Beasts.
You were not hungry.

You visited 2 branches of the dungeon, and saw 10 of its levels.

You collected 561 gold pieces.
You spent 168 gold pieces at shops.

Inventory:

Missiles
 a - 53 arrows
 i - 61 stones (quivered)
Armour
 B - a +1 robe (worn)
 F - a +0 pair of boots (worn)
 G - a +0 pair of gloves (worn)
Jewellery
 f - an uncursed ring of teleportation
   (You found it on level 1 of the Lair of Beasts)
 H - a ring of protection from magic (left hand)
   (You found it on level 2 of the Dungeon)
 I - a ring of stealth (right hand)
   (You found it on level 8 of the Dungeon)
 L - an uncursed ring of positive energy
   (You found it on level 9 of the Dungeon)
 R - an amulet of regeneration (around neck)
   (You found it on level 1 of the Dungeon)
Wands
 p - a wand of random effects (1/48)
 y - a wand of disintegration (12/24)
Scrolls
 e - 2 scrolls of recharging {unknown}
 l - a scroll of enchant weapon {unknown}
 m - a scroll of fog {unknown}
 n - 4 scrolls of enchant armour
 o - a scroll of blinking {unknown}
 s - a scroll of immolation {unknown}
 t - 4 scrolls of teleportation
 v - 2 scrolls of amnesia
 x - 3 scrolls of magic mapping
 A - a scroll of fear {unknown}
 M - a scroll of random uselessness {unknown}
Potions
 b - 4 potions of curing
 g - 2 potions of flight
 j - 2 potions of might
 k - 2 potions of lignification
 w - 2 potions of invisibility
 z - a potion of ambrosia
 E - a potion of heal wounds {unknown}
Books
 c - a book of Changes

   Spells                             Type                      Level
   a - Beastly Appendage              Transmutation                1
   b - Sticks to Snakes               Transmutation                2
   c - Spider Form                    Transmutation/Poison         3
   d - Ice Form                       Ice/Transmutation            4
   e - Blade Hands                    Transmutation                5
Comestibles
 d - 6 bread rations
 h - 4 meat rations
 C - 4 fruits
 J - 5 chunks of flesh


   Skills:
 - Level 5.1 Fighting
 - Level 5.0 Dodging
 - Level 8.9 Unarmed Combat
 - Level 3.6 Spellcasting
 - Level 3.1 Charms
 * Level 8.5 Transmutations
 - Level 3.1 Ice Magic


You had 2 spell levels left.
You knew the following spells:

 Your Spells              Type           Power        Failure   Level  Hunger
e - Beastly Appendage     Tmut           #####.       1%          1    None
h - Blade Hands           Tmut           #####.....   9%          5    ######.
k - Sticks to Snakes      Tmut           #####...     1%          2    #......
o - Ozocubu's Armour      Chrm/Ice       ###.....     9%          3    ###....
p - Spider Form           Tmut/Pois      ###.......   5%          3    ###....


Dungeon Overview and Level Annotations

Branches:
Dungeon (9/15)             Temple (0/1) D:7            Lair (1/6) D:9
    Orc: D:9-12

Shops:
D:5 :?:

Annotations:
D:4 Menkaure


Innate Abilities, Weirdness & Mutations

You have an increased reservoir of magic. (+10% MP)


Message History

You don't have enough magic to cast that spell.
The wolf bites you but does no damage.
The wolf bites the fungus!
The wolf misses you. The wolf bites you! The wolf bites you.
Your hands revert to their normal proportions.
Your +0 pair of gloves unmelds from your body.
There is an open door, spattered with blood here.
You see here a yak corpse.
The wolf misses you.
Evoke which item? (* to show all) (? for menu, Esc to quit)
Okay, then.
Evoke which item? (* to show all) (? for menu, Esc to quit)
Aiming: Random Effects
Press: ? - help, Shift-Dir - straight line, f - wolf
Aim: a wolf The wolf flickers and vanishes!
Deactivating autopickup; reactivate with Ctrl-A.
This wand has 1 charge left.
Something bites you but does no damage. Something bites you.
Unknown command.
As you read the scroll of teleportation, it crumbles to dust.
You feel strangely unstable. Something closely misses you.
Something barely misses you.
You see here a yak skeleton.
Something closely misses you. Something bites you but does no damage.
Your surroundings suddenly seem different.
A porcupine comes into view.
Okay, then.
You open the door.
You close the door.
The wolf closely misses you.
You hear a howl!
You punch the wolf! Your punch misses the wolf.
The wolf is heavily wounded.
The wolf barely misses you. x2
You closely miss the wolf.
The wolf is heavily wounded.
The wolf bites you.
You hit the wolf but do no damage.
The wolf is heavily wounded.
The wolf barely misses you.
You punch the wolf!
You kill the wolf!
The wolf bites you. Something bites you! The wolf barely misses you.
Casting: Blade Hands
Confirm with . or Enter, or press ? or * to list all spells.
You create a snake!
You now have 53 arrows.
Something bites you but does no damage. The wolf misses you.
Something bites you!
You hit the wolf.
The wolf is moderately wounded.
The wolf misses you. Something barely misses you. The wolf closely misses you.
Your adder bites the wolf but does no damage.
You hit the wolf.
The wolf is heavily wounded.
Something bites you! The wolf closely misses you.
Your adder bites the wolf but does no damage.
You closely miss the wolf.
The wolf is heavily wounded.
Something bites you. The wolf bites you. Something bites you.
Your adder misses the wolf. The wolf bites you!
* * * LOW HITPOINT WARNING * * *
You miss the wolf.
The wolf is heavily wounded.
Something bites you.
* * * LOW HITPOINT WARNING * * *
The wolf closely misses you.
Your adder closely misses the wolf.
You hit the wolf but do no damage.
The wolf is heavily wounded.
Something bites you!
* * * LOW HITPOINT WARNING * * *
The wolf closely misses you.
Your adder barely misses the wolf.
Something bites you but does no damage.
You closely miss the wolf.
The wolf is heavily wounded.
The wolf bites you.
* * * LOW HITPOINT WARNING * * *
Your adder barely misses the wolf.
Something bites you.
* * * LOW HITPOINT WARNING * * *
The wolf completely misses you.
You fade into invisibility!
Something bites you.
* * * LOW HITPOINT WARNING * * *
The wolf closely misses you.
Your adder bites the wolf.
The wolf is poisoned.
Your adder poisons the wolf!
Something bites you.
* * * LOW HITPOINT WARNING * * *
The wolf misses you.
You are very lightly contaminated with residual magic.
You feel better.
Your adder bites the wolf.
The wolf looks as sick as possible!
Your adder poisons the wolf!
Something barely misses you. The wolf barely misses you.
Your adder closely misses the wolf.
Something bites you!
* * * LOW HITPOINT WARNING * * *
You hit the wolf.
The wolf is almost dead.
The wolf dies!
Your adder looks stronger.
Something bites you!
You die...

.. +.....##..## #..
+......#.....# #.P###..
#..(...#.....# #...#P.. .
#......#.....###....... ..
#............##P..P.#.. ...
#r.....#.....†.h..###.. ....
#......#.....###..###..
.....#P..##+#.....##.####...
...........@{......#### ##..
............S......##P####..
.........................h..
...#.##..##########.....PP##
# # #### #......###
#≈...PP≈# #♣≈≈≈P≈♣# #≈≈P≈≈≈♣
##♣P≈≈P#


You could see a friendly adder.

Vanquished Creatures
  Erolcha (D:9)
  2 two-headed ogres
  Pikel (D:9)
  3 hippogriffs
  A wyvern (D:8)
  5 yaks (Lair:1)
  A hungry ghost (D:8)
  2 porcupines (D:9)
  2 orc warriors (D:9)
  A sky beast (D:6)
  A slave (D:9)
  A black bear (D:9)
  A necrophage (D:8)
  2 ogres
  A wolf (Lair:1)
  2 centaurs (D:8)
  A big kobold (D:7)
  3 bullfrogs
  2 scorpions
  3 wights (D:9)
  A howler monkey (D:3)
  A bullfrog zombie (D:7)
  3 crimson imps
  2 hounds
  4 orc priests
  2 bullfrog skeletons
  4 orc wizards
  2 iguanas
  Jessica (D:7)
  3 worker ants
  2 killer bee zombies
  A worker ant zombie (D:5)
  5 adders
  A shadow imp (D:9)
  An adder skeleton (D:7)
  A worm (D:4)
  4 leopard geckos
  23 orcs
  2 ball pythons
  5 bats
  2 giant cockroaches
  A gnoll zombie (D:5)
  6 hobgoblins
  8 jackals
  12 kobolds
  5 frilled lizards
  5 goblins
  A quokka skeleton (D:7)
  2 quokka zombies
  6 rats
152 creatures vanquished.

Vanquished Creatures (collateral kills)
  A slave (D:9)
  A black bear (D:6)
  A necrophage (D:8)
  A wolf (Lair:1)
  2 crocodiles
  A bullfrog (D:7)
  A crimson imp (D:8)
  A centaur zombie (D:5)
  2 orc wizards
  A howler monkey skeleton (D:5)
  An adder (D:3)
  A worm (D:2)
  2 dart slugs
  7 orcs
  2 hobgoblins (D:1)
  2 jackals (D:7)
  A bat (D:1)
28 creatures vanquished.

Vanquished Creatures (others)
  A howler monkey (D:8)
  A bullfrog zombie (D:7)
  A fungus (D:9)
3 creatures vanquished.

Grand Total: 183 creatures vanquished

Notes
Turn   | Place    | Note
-------+----------+-------------------------------------------
     0 | D:1      | tidbits the Demigod Transmuter began the quest for the Orb.
     0 | D:1      | Reached XP level 1. HP: 15/15 MP: 5/5
    99 | D:1      | Reached skill level 2 in Spellcasting
   151 | D:1      | Reached skill level 2 in Transmutations
   181 | D:1      | Reached XP level 2. HP: 22/22 MP: 5/7
   185 | D:1      | Learned a level 2 spell: Sticks to Snakes
   205 | D:1      | Reached skill level 3 in Unarmed Combat
   596 | D:2      | Found a sacrificial altar of Ru.
   694 | D:2      | Reached XP level 3. HP: 23/27 MP: 5/8
   770 | D:2      | Learned a level 3 spell: Spider Form
   864 | D:4      | Noticed Menkaure
   961 | D:4      | Reached skill level 3 in Transmutations
   961 | D:4      | Reached XP level 4. HP: 31/34 MP: 2/9
  1113 | D:3      | Noticed an ogre
  1139 | D:3      | Killed an ogre
  1139 | D:3      | Reached skill level 4 in Unarmed Combat
  1139 | D:3      | Reached XP level 5. HP: 39/39 MP: 4/10
  1286 | D:4      | Reached skill level 4 in Transmutations
  1358 | D:5      | Entered Level 5 of the Dungeon
  1493 | D:5      | Found Uvves's Book Emporium.
  1502 | D:5      | Reached skill level 1 in Fighting
  1502 | D:5      | Reached XP level 6. HP: 47/47 MP: 4/11
  1510 | D:5      | Reached skill level 2 in Dodging
  1534 | D:5      | Reached skill level 5 in Unarmed Combat
  1953 | D:5      | Reached skill level 2 in Fighting
  2042 | D:5      | Found a burning altar of Makhleb.
  2095 | D:5      | Found Volaw's Book Emporium.
  2119 | D:5      | Found a glowing golden altar of the Shining One.
  2143 | D:5      | Reached XP level 7. HP: 51/55 MP: 5/13
  2242 | D:5      | Found Biceozxe's Magic Scroll Emporium.
  2248 | D:5      | Bought a scroll of magic mapping for 49 gold pieces
  2248 | D:5      | Bought a scroll of remove curse for 42 gold pieces
  2249 | D:5      | Bought a scroll of amnesia for 49 gold pieces
  2249 | D:5      | Bought a scroll of identify for 28 gold pieces
  2347 | D:7      | Found a staircase to the Ecumenical Temple.
  2378 | D:6      | Reached skill level 3 in Dodging
  2378 | D:6      | Reached skill level 6 in Unarmed Combat
  2453 | D:7      | Reached skill level 3 in Fighting
  2537 | D:6      | Found a bloodstained altar of Trog.
  2833 | D:7      | Noticed Jessica
  2834 | D:7      | Killed Jessica
  2842 | D:7      | Found a deep blue altar of Sif Muna.
  2868 | D:7      | Reached XP level 8. HP: 63/63 MP: 8/14
  2899 | D:7      | Reached skill level 7 in Unarmed Combat
  3015 | D:8      | Reached skill level 4 in Dodging
  3047 | D:8      | Noticed a hippogriff
  3063 | D:8      | Killed a hippogriff
  3063 | D:8      | Reached skill level 4 in Fighting
  3286 | D:9      | Reached skill level 8 in Unarmed Combat
  3314 | D:9      | Noticed a two-headed ogre
  3397 | D:8      | Killed a two-headed ogre
  3464 | D:8      | Found a blossoming altar of Fedhas.
  3470 | D:8      | Found a stormy altar of Qazlal.
  3479 | D:8      | Reached skill level 5 in Dodging
  3479 | D:8      | Reached XP level 9. HP: 73/73 MP: 7/15
  3543 | D:8      | Reached skill level 5 in Fighting
  3690 | D:8      | Learned a level 3 spell: Ozocubu's Armour
  3708 | D:9      | Noticed a two-headed ogre
  3729 | D:9      | Killed a two-headed ogre
  3729 | D:9      | Reached skill level 3 in Spellcasting
  3729 | D:9      | Reached skill level 2 in Charms
  3729 | D:9      | Reached skill level 2 in Ice Magic
  3853 | D:8      | Reached skill level 3 in Charms
  3853 | D:8      | Reached skill level 3 in Ice Magic
  3925 | D:8      | Learned a level 5 spell: Blade Hands
  4135 | D:9      | Noticed Pikel
  4145 | D:9      | Killed Pikel
  4145 | D:9      | Reached skill level 5 in Transmutations
  4187 | D:9      | Noticed Erolcha
  4205 | D:9      | Killed Erolcha
  4205 | D:9      | Reached skill level 6 in Transmutations
  4205 | D:9      | Reached XP level 10. HP: 35/81 MP: 3/18
  4289 | D:9      | Reached skill level 7 in Transmutations
  4336 | D:9      | Found a sacrificial altar of Ru.
  4357 | D:9      | Found a staircase to the Lair.
  4365 | Lair:1   | Entered Level 1 of the Lair of Beasts
  4414 | Lair:1   | Reached skill level 8 in Transmutations
  4498 | Lair:1   | Slain by a wolf

Skill      XL: |  1  2  3  4  5  6  7  8  9 10 |
---------------+-------------------------------+-----
Spellcasting   | 2 3 |  3.6
Transmutations | 2 3 4 6 8 |  8.5
Unarmed Combat | 3 4 5 6 8 |  8.9
Fighting       | 1 2 3 4 5 |  5.1
Dodging        | 2 3 5 |  5.0
Charms         | 3 |  3.1
Ice Magic      | 3 |  3.1

Action                   |  1- 3 |  4- 6 |  7- 9 | 10-12 || total
-------------------------+-------+-------+-------+-------++-------
Melee: Unarmed           |    92 |   115 |   245 |    57 ||   509
       Kick              |     9 |     1 |     2 |       ||    12
       Headbutt          |     5 |     3 |     1 |       ||     9
       Punch             |     2 |       |     2 |       ||     4
Throw: Stone             |       |       |     1 |     1 ||     2
 Cast: Beastly Appendage |    23 |     4 |     3 |       ||    30
       Sticks to Snakes  |     9 |    11 |    46 |     4 ||    70
       Spider Form       |     3 |    21 |    35 |     2 ||    61
       Blade Hands       |       |       |     1 |     5 ||     6
       Ozocubu's Armour  |       |       |     1 |     2 ||     3
 Abil: End Transformatio |       |       |     1 |       ||     1
Evoke: Wand              |       |     3 |    10 |     1 ||    14
  Use: Scroll            |     2 |     3 |     5 |     2 ||    12
       Potion            |       |       |       |     2 ||     2
 Stab: Sleeping          |     1 |     2 |       |     1 ||     4
       Distracted        |       |       |     4 |       ||     4
  Eat: Royal jelly       |     1 |       |       |       ||     1
       Fruit             |       |     2 |       |       ||     2
       Chunk             |       |     5 |    15 |     3 ||    23
Armor: Robe              |    14 |     8 |     9 |    11 ||    42
       Skin              |       |     3 |    11 |     2 ||    16
Dodge: Dodged            |    52 |    70 |   213 |    57 ||   392

Table legend:
 A = Turns spent in this place as a percentage of turns spent in the entire game.
 B = Non-inter-level travel turns spent in this place as a percentage of non-inter-level travel turns spent in the entire game.
 C = Inter-level travel turns spent in this place as a percentage of turns spent in this place.
 D = Turns resting spent in this place as a percentage of non-inter-level travel turns spent in this place.
 E = Turns spent auto-exploring this place as a percentage of non-inter-level travel turns spent in this place.
 F = Non-inter-level travel turns spent in this place divided by the number of levels of this place that you've seen.
                   A       B       C       D       E      F
               +-------+-------+-------+-------+-------+----------------------
         Total | 100.0 | 100.0 |   0.2 |   0.0 |   0.0 | 411.4
       Dungeon |  96.7 |  96.7 |   0.2 |   0.0 |   0.0 | 442.1
          Lair |   3.3 |   3.3 |   0.0 |   0.0 |   0.0 | 135.0
               +-------+-------+-------+-------+-------+----------------------

Table legend:
 A = Kills in this place as a percentage of kills in entire the game.
 B = Kills by you in this place as a percentage of kills by you in the entire game.
 C = Kills by friends in this place as a percentage of kills by friends in the entire game.
 D = Other kills in this place as a percentage of other kills in the entire game.
 E = Experience gained in this place as a percentage of experience gained in the entire game.
 F = Experience gained in this place divided by the number of levels of this place that you have seen.
                   A       B       C       D       E      F
               +-------+-------+-------+-------+-------+----------------------
         Total | 100.0 | 100.0 | 100.0 | 100.0 | 100.0 | 923.2
       Dungeon |  96.1 |  96.0 |  96.3 | 100.0 |  86.4 | 885.9
          Lair |   3.9 |   4.0 |   3.7 |   0.0 |  13.6 | 1259.0
               +-------+-------+-------+-------+-------+----------------------

Vault maps used:
D:1:      saegor_arrival_simple_c, minmay_pentomino_o2
D:2:      fountainhead, hangedman_ru_absence
D:4:      hangedman_decor_diamond_cutter, grunt_ministairs_11, uniq_menkaure
D:5:      kennysheep_mini_moat, lemuel_zombie_altar_yredelemnul, tso_altar,
          first_bread, basic_altar, serial_shops, kennysheep_little_box,
          nicolae_shop_temple_entry_statues_fountains, shop, uniq_ijyb
D:6:      lightli_temple_of_fire, grunt_ministairs_10, minmay_door_square
D:7:      tgw_sif, minmay_temple_entry_trees, grunt_ministairs_15,
          grunt_ogre_cave
D:8:      grunt_temple_overflow_forces_of_nature
D:9:      nicolae_overflow_hidden_temple, grunt_lair_entry_orc_guard_hut,
          uniq_pikel, uniq_erolcha
Lair:1:   serial_bayou_shore_b, uniq_joseph, uniq_nergalle
